 Dungeon Crawl Stone Soup version 0.30-a0-585-g93115170b9 (webtiles) character file.

Game seed: 5918202563614868704

2588 wormed the Basher (level 9, 0/89 HPs)
             Began as a Troll Berserker on Jan 2, 2023.
             Was a High Priest of Trog.
             Killed from afar by Erica (23 damage)
             ... with a bolt of poison
             ... on level 8 of the Dungeon.
             The game lasted 00:09:28 (4657 turns).

wormed the Basher (Troll Berserker)                 Turns: 4657, Time: 00:09:28

Health: 0/89       AC:  5    Str: 27    XL:     9   Next: 32%
Magic:  8/8        EV: 17    Int:  3    God:    Trog [*****.]
Gold:   1435       SH:  0    Dex: 13    Spells: 8/8 levels left

rFire   . . .      SeeInvis .    A - +0 giant club
rCold   . . .      Faith    .    (shield currently unavailable)
rNeg    . . .      Spirit   .    b - +0 animal skin
rPois   .          Reflect  .    (helmet restricted)
rElec   .          Harm     .    h - +0 cloak
rCorr   .          Rampage  .    (gloves unavailable)
Will    +....                    (boots unavailable)
Stlth   +                        g - amulet of regeneration
HPRegen 1.94/turn                d - +5 ring of evasion
MPRegen 0.11/turn                F - ring of willpower

@: confused, lethally poisoned (0 -> -4), ambrosia-drunk
A: large, unfitting armour, claws 3, regeneration 1, shaggy fur 1, tough skin 1
a: Renounce Religion, Berserk, Trog's Hand, Brothers in Arms


You were on level 8 of the Dungeon.
You worshipped Trog.
Trog was extremely pleased with you.
You visited 1 branch of the dungeon, and saw 8 of its levels.

You collected 1435 gold pieces.

Inventory:

Hand Weapons
 p - a +2 flail of draining
 A - a +0 giant club (weapon)
Armour
 b - a +0 animal skin (worn)
 h - a +0 cloak (worn)
Jewellery
 d - a +5 ring of evasion (left claw)
 g - an amulet of regeneration (around neck)
 B - an amulet of magic regeneration
 C - an amulet of the acrobat
 F - a ring of willpower (right claw)
Wands
 c - a wand of acid (5)
 u - a wand of iceblast (10) (quivered)
 E - a wand of digging (8)
Scrolls
 a - a scroll of identify
 e - 2 scrolls of enchant weapon
 f - 2 scrolls of magic mapping
 i - a scroll of torment {unknown}
 j - 3 scrolls of vulnerability {unknown}
 k - a scroll of enchant armour {unknown}
 o - a scroll of immolation {unknown}
 v - 2 scrolls of teleportation {unknown}
 y - 2 scrolls of noise {unknown}
Potions
 m - a potion of berserk rage
 n - 4 potions of haste
 q - a potion of resistance
 r - 2 potions of brilliance {unknown}
 s - 2 potions of mutation {unknown}
 t - a potion of lignification {unknown}
 w - 3 potions of might {unknown}
 x - a potion of magic {unknown}
 z - a potion of cancellation {unknown}


   Skills:
 + Level 5.8 Fighting
 * Level 8.8 Maces & Flails
 + Level 5.8 Dodging


You had 8 spell levels left.
You didn't know any spells.
Your spell library was empty.

Dungeon Overview and Level Annotations

Branches:
Dungeon (8/15)             Temple (0/1) D:4
   Lair: D:8-11

Altars:
Kikubaaqudgha
Vehumet

Shops:
D:2 (   D:4 [   D:7 !

Annotations:
D:4 3 runed translucent doors, themarg's ghost, amateur GnWn
D:8 Erica


Innate Abilities, Weirdness & Mutations

You are too large for most types of armour.
You have claws for hands.
Your natural rate of healing is unusually fast.
You are covered in fur. (AC +1)
You have tough skin. (AC +1)


Message History

Erica is nearby!
Erica is nearby!
Erica is nearby!
Erica is nearby!
Erica shouts!
You bludgeon Erica!!
Erica is heavily wounded.
Erica gestures at you while chanting. The lance of force hits you!!
You are knocked back by the lance of force.
Erica misses you.
You sock Erica!
Erica is severely wounded.
Erica mumbles some strange words.
Erica flickers and vanishes!
Deactivating autopickup; reactivate with Ctrl-A.
You closely miss something. You sock something! Something hits you!
Something burns you.
You hit something but do no damage. Something barely misses you.
You closely miss something. Something hits you. Something burns you.
You closely miss something.
You hear some strange, mumbled words.
Something tries to affect you, but you resist.
Something hits you! Something burns you.
You barely miss something. Something hits you! Something burns you.
You hit something. Something hits you! Something burns you.
* * * LOW HITPOINT WARNING * * *
Press: ? - help, v - describe, . - travel The floor, spattered with blood.
You are confused.
You feel invigorated. Something hits you!
* * * LOW HITPOINT WARNING * * *
Something burns you.
* * * LOW HITPOINT WARNING * * *
You bump into the rock wall.
You hear some strange, mumbled words.
A bolt of poison appears from out of thin air!
The bolt of poison hits you!!
You are poisoned.
You die...

#.# #.# ##.<#.# #.#
# #.# #.# #..#.# #..
. #.#
#.########..#.# ###
# #.#
#.............#
#.####.####.#......#
#.............##...#
######.#########...#
#.#########...##
#.#.......#@...#
#.........{..#.#
#.#.......#....#
#.........#..###
###.......#..#
#.......#..#
#.......#..#
####)####..#
#..)..##..#


There were no monsters in sight!

Vanquished Creatures
  A wyvern (D:7)
  2 steam dragons
  A water moccasin (D:8)
  2 sky beasts (D:7)
  An orc warrior (D:4)
  A black bear (D:6)
  A centaur (D:7)
  An ogre (D:6)
  A bullfrog (D:6)
  3 scorpions
  2 necrophages (D:7)
  6 killer bees (D:7)
  2 howler monkeys (D:8)
  A hound (D:7)
  4 jellies
  A gnoll bouda (D:6)
  2 orc priests
  4 iguanas
  Terence (D:2)
  8 orc wizards
  8 gnolls
  5 adders
  2 white imps
  2 ufetubi (D:5)
  2 worms (D:3)
  3 dart slugs
  31 orcs
  7 bats
  14 endoplasms
  A giant cockroach (D:4)
  12 goblins
  7 hobgoblins
  5 jackals
  5 quokkas
  8 ball pythons
  3 frilled lizards (D:1)
  9 kobolds
  6 rats
175 creatures vanquished.

Vanquished Creatures (others)
  An orc (D:7)
1 creature vanquished.

Grand Total: 176 creatures vanquished

Notes
Turn   | Place    | Note
-------+----------+-------------------------------------------
     0 | D:1      | wormed the Troll Berserker began the quest for the Orb.
     0 | D:1      | Reached XP level 1. HP: 22/22 MP: 0/0
    85 | D:1      | Reached skill level 3 in Maces & Flails
    85 | D:1      | Reached XP level 2. HP: 28/29 MP: 1/1
   138 | D:1      | Found a faded altar of an unknown god.
   180 | D:1      | Reached ** piety under Trog
   319 | D:1      | Reached XP level 3. HP: 35/36 MP: 2/2
   502 | D:1      | Identified a scroll of acquirement
   502 | D:1      | Acquired 902 gold pieces
   657 | D:2      | Reached XP level 4. HP: 44/44 MP: 3/3
   739 | D:2      | Noticed Terence
   749 | D:2      | Killed Terence
   750 | D:2      | Reached skill level 4 in Maces & Flails
   791 | D:2      | Found Uqywoci's Antique Weapon Shop.
  1178 | D:2      | Reached XP level 5. HP: 49/50 MP: 4/4
  1254 | D:3      | Reached *** piety under Trog
  1621 | D:3      | You fall into a shaft and drop 1 floor!
  1646 | D:4      | Noticed themarg's ghost (amateur GnWn)
  1673 | D:4      | Noticed an orc warrior
  1947 | D:3      | Reached XP level 6. HP: 61/61 MP: 5/5
  1967 | D:3      | Reached skill level 5 in Maces & Flails
  2110 | D:4      | Found Dammixej's Armour Shop.
  2317 | D:4      | Found a staircase to the Ecumenical Temple.
  2356 | D:4      | Found a runed translucent gate.
  2356 | D:4      | Found a runed translucent gate.
  2356 | D:4      | Found a runed translucent gate.
  2642 | D:4      | Killed an orc warrior
  2643 | D:4      | Reached XP level 7. HP: 68/68 MP: 6/6
  2790 | D:5      | Entered Level 5 of the Dungeon
  2839 | D:5      | Reached **** piety under Trog
  3142 | D:6      | Reached skill level 6 in Maces & Flails
  3228 | D:6      | Noticed a steam dragon
  3236 | D:6      | Killed a steam dragon
  3237 | D:6      | Reached XP level 8. HP: 59/79 MP: 7/7
  3610 | D:7      | Reached skill level 7 in Maces & Flails
  3638 | D:7      | Found Gitumm Naock's Distillery.
  3717 | D:7      | Reached skill level 5 in Dodging
  3734 | D:7      | Reached skill level 5 in Fighting
  3821 | D:7      | Reached skill level 8 in Maces & Flails
  3882 | D:7      | Reached XP level 9. HP: 82/88 MP: 8/8
  3956 | D:7      | Found an ancient bone altar of Kikubaaqudgha.
  3957 | D:7      | Found a radiant altar of Vehumet.
  4153 | D:8      | Identified the +3 leather armour of the Solstice {rElec
                  | Slay+2}
  4182 | D:8      | Noticed Erica
  4186 | D:8      | Reached ***** piety under Trog
  4657 | D:8      | Killed from afar by Erica

Illustrated notes

Levels and vault maps discovered:
D:1:      roderic_chinese_lattice_arrival, layout_rooms,
          ebering_ecumenical_altar_sacrificial, chequers_arboretum,
          minmay_tripent
D:2:      layout_basic, serial_shops, nicolae_shop_overgrown_old_shop,
          chequers_serial_rivers_micro_e, minmay_goblin_kobold_house,
          uniq_terence
D:3:      minmay_angry_zag, layout_loops_cross
D:4:      layout_basic, minmay_temple_entry_stoned_glass, serial_shops,
          kennysheep_little_box, gammafunk_ghost_split, guppyfry_early_orc_mine
D:5:      layout_rooms, st_stairs_8
D:6:      layout_rooms
D:7:      layout_rooms, grunt_temple_overflow_open, serial_shops, shop
D:8:      layout_loops_ring, nicolae_overflow_hidden_temple, uniq_erica

Skill      XL: |  1  2  3  4  5  6  7  8 |
---------------+-------------------------+-----
Maces & Flails | 3 4 5 6 8 |  8.8
Dodging        | 3 4 5 |  5.8
Fighting       | 3 4 5 |  5.8

Action                   |  1- 3 |  4- 6 |  7- 9 || total
-------------------------+-------+-------+-------++-------
Melee: Mace              |   107 |    76 |       ||   183
       Punch             |     2 |     2 |       ||     4
       Flail             |       |    98 |    25 ||   123
       Giant club        |       |       |   234 ||   234
Invok: Berserk           |       |     1 |     1 ||     2
Evoke: Wand              |       |       |     5 ||     5
  Use: Scroll            |     4 |     4 |     3 ||    11
       Potion            |       |       |     6 ||     6
 Stab: Sleeping          |     1 |     3 |       ||     4
Armor: Animal skin       |    57 |    53 |    67 ||   177
Dodge: Dodged            |    78 |   108 |   249 ||   435

Table legend: (Time is in decaauts)
 A = Elapsed time spent in this place.
 B = Non-inter-level travel time spent in this place.
 C = Inter-level travel time spent in this place.
 D = Time resting spent in this place.
 E = Time spent auto-exploring this place.
 F = Levels seen in this place.
 G = Mean time per level.
                   A        B        C        D        E       F      G
               +--------+--------+--------+--------+--------+-----+--------+
         Total |   4773 |   4625 |    148 |     71 |   3213 |   8 |  596.6 |
       Dungeon |   4773 |   4625 |    148 |     71 |   3213 |   8 |  596.6 |
               +--------+--------+--------+--------+--------+-----+--------+

Top non-repeatable levels by time:
     D:4: 862 daAuts
     D:2: 737 daAuts
     D:3: 706 daAuts
     D:1: 552 daAuts
     D:8: 544 daAuts
     D:7: 535 daAuts
     D:6: 486 daAuts
     D:5: 349 daAuts
